 Dungeon Crawl Stone Soup version 0.30.1-9-gdf580d7c3d (webtiles) character file.

Game seed: 8256495670778571049

0 booth the Caller (level 1, -4/15 HPs)
             Began as a Demonspawn Wanderer on Oct 9, 2023.
             Slain by a gnoll
             ... wielding a +0 whip
              (7 damage)
             ... on level 1 of the Dungeon.
             The game lasted 00:00:53 (35 turns).

booth the Caller (Demonspawn Wanderer)                Turns: 35, Time: 00:00:53

Health: -4/15      AC:  3    Str: 10    XL:     1   Next: 8%
Magic:  0/2        EV:  8    Int: 13    God:
Gold:   17         SH:  0    Dex: 14    Spells: 1/2 levels left

rFire   . . .        a - +0 sling
rCold   . . .        (no shield)
rNeg    . . .        d - +0 robe
rPois   .            (no helmet)
rElec   .            (no cloak)
rCorr   .            b - +0 pair of gloves
SInv    .            (no boots)
Will    .....        (no amulet)
Stlth   ++           (no ring)
HPRegen 0.22/turn    (no ring)
MPRegen 0.08/turn

%: no passive effects
@: constricted
A: no striking features
a: no special abilities


You were on level 1 of the Dungeon.
You visited 1 branch of the dungeon, and saw 1 of its levels.

You collected 17 gold pieces.

Inventory:

Hand Weapons
 a - a +0 sling (weapon)
Armour
 b - a +0 pair of gloves (worn)
 d - a +0 robe (worn)
Potions
 c - a potion of berserk rage


   Skills:
 + Level 1.0 Fighting
 + Level 1.0 Ranged Weapons
 + Level 1.0 Armour
 + Level 1.0 Dodging
 + Level 1.0 Stealth
 + Level 1.0 Spellcasting
 + Level 4.0 Summonings


You had one spell level left.
You knew the following spells:

 Your Spells              Type           Power      Damage    Failure   Level
a - Summon Small Mammal   Summ           44%        N/A       5%          1

Your spell library contained the following spells:

 Spells                   Type           Power      Damage    Failure   Level
 Call Imp                 Summ           22%        N/A       9%          2
 Summon Lightning Spire   Summ/Air       5%         N/A       77%         4


Dungeon Overview and Level Annotations

Branches:
Dungeon (1/15)

Altars:


Message History

The ball python bites your bat. The ball python constricts your bat.
Your bat dies!
Your bat's corpse disappears in a puff of smoke!
The bat closely misses you.
The ball python hisses angrily.
Found a robe.
The bat closely misses you. The bat hits you but does no damage.
The ball python barely misses you. The ball python misses you.
The bat hits you but does no damage.
You see here a frilled lizard corpse.
You shoot a sling bullet.
The sling bullet closely misses the gnoll.
The bat misses you. The bat closely misses you.
The ball python bites you but does no damage.
The ball python closely misses you. The bat hits you.
The bat completely misses you.
The gnoll drinks a potion.
The gnoll seems to grow stronger.
The ball python completely misses you. The ball python grabs you.
The ball python constricts you.
Casting: Summon Small Mammal (safe; 5% risk of failure)
Confirm with . or Enter, or press ? or * to list all spells.
The bat barely misses you. x2; The bat misses you.
The gnoll hits you with a +0 whip!
Ouch! That really hurt!
The ball python closely misses you. The ball python constricts you.
You shoot a sling bullet.
The sling bullet closely misses the gnoll.
The bat hits you. The bat closely misses you.
The bat hits you but does no damage. The bat barely misses you.
The bat closely misses you. The ball python bites you.
* * * LOW HITPOINT WARNING * * *
The ball python constricts you.
* * * LOW HITPOINT WARNING * * *
The gnoll misses you.
You shoot a sling bullet.
The sling bullet hits the gnoll but does no damage.
The bat hits you but does no damage. x3; The bat hits you.
* * * LOW HITPOINT WARNING * * *
The ball python bites you but does no damage.
The ball python constricts you.
Your quokka closely misses the gnoll.
The gnoll hits you with a +0 whip!
You die...

#.#.....#
#.......####
#............
#.....#.#####
#.....#...
##..####.###
###...# ..#
#...b## .#
#..@b# #.rgS#
#...[..
#........
#........[.
#.#........
....#....##
........###


You could see a gnoll (strong, ally target), 2 bats, a ball python and a
friendly quokka (summoned).

Vanquished Creatures (collateral kills)
  A frilled lizard (D:1)
1 creature vanquished.

Notes
Turn   | Place    | Note
-------+----------+-------------------------------------------
     0 | D:1      | booth the Demonspawn Wanderer began the quest for the Orb.
     0 | D:1      | booth set off with the following items: a +0 sling, a +0
                  | pair of gloves, a potion of berserk rage, a +0 robe; and
                  | the following spell memorised: Summon Small Mammal; and the
                  | following spells available to memorise: Call Imp, Summon
                  | Lightning Spire.
     0 | D:1      | Reached XP level 1. HP: 15/15 MP: 2/2
    35 | D:1      | Slain by a gnoll

Illustrated notes

Levels and vault maps discovered:
D:1:      lightli_arrival_statue_moat, layout_basic

Action                     || total
---------------------------++-------
   Fire: Sling             ||     3
   Cast: Summon Small Mamm ||     2
 Armour: Robe              ||     8
  Dodge: Dodged            ||    17
